 Dungeon Crawl Stone Soup version 0.25-a0-474-ga8a2ee3166 (webtiles) character file.

Game seed: 18240138261062580962, levelgen mode: deterministic

82 glosham the Poker (level 4, -1/31 HPs)
             Began as a Merfolk Abyssal Knight on Feb 7, 2020.
             Was a Believer of Lugonu.
             Slain by Grinder (7 damage)
             ... on level 3 of the Dungeon.
             The game lasted 00:22:43 (1167 turns).

glosham the Poker (Merfolk Abyssal Knight)          Turns: 1167, Time: 00:22:44

Health: -1/31      AC:  7    Str: 15    XL:     4   Next: 43%
Magic:  5/5        EV: 10    Int: 11    God:    Lugonu [**....]
Gold:   175        SH:  0    Dex: 13    Spells: 3/3 levels left

rFire    . . .     SeeInvis .   a - +2 spear
rCold    . . .     Gourm    .   (no shield)
rNeg     . . .     Faith    +   X - +0 scale mail
rPois    .         Spirit   .   U - +0 helmet
rElec    .         Reflect  .   (no cloak)
rCorr    .         Harm     .   (no gloves)
MR       .....                  (no boots)
Stlth    ..........             z - amulet of faith {!P}
HPRegen  0.10/turn              (no ring)
MPRegen  0.09/turn              (no ring)

@: confused
A: change form in water, swift swim, stealthy swim, frail 1, strong 1
a: Depart the Abyss, Bend Space, Renounce Religion


You were on level 3 of the Dungeon.
You worshipped Lugonu.
Lugonu was pleased with you.
You were not hungry.

You visited 1 branch of the dungeon, and saw 3 of its levels.
You visited the Abyss 1 time.

You collected 175 gold pieces.

Inventory:

Hand Weapons
 a - a +2 spear (weapon)
 b - a +1 whip of electrocution
 c - a +0 hunting sling
Missiles
 d - 19 bolts
 e - 36 stones (quivered)
 l - 16 poisoned darts
Armour
 o - a +0 ring mail
 U - a +0 helmet (worn)
 X - a +0 scale mail (worn)
Jewellery
 z - an amulet of faith (around neck) {!P}
Scrolls
 f - a scroll of teleportation
 n - a scroll of magic mapping
Potions
 j - a potion of cancellation
Comestibles
 k - 4 rations


   Skills:
 - Level 3.2 Fighting
 * Level 6.6 Polearms
 - Level 0.6 Armour
 - Level 2.6 Dodging
 - Level 2.0 Invocations


You had 3 spell levels left.
You didn't know any spells.
Your spell library was empty.

Dungeon Overview and Level Annotations

Branches:
Dungeon (3/15)

Altars:

Annotations:
D:3 Grinder


Innate Abilities, Weirdness & Mutations

You revert to your normal form in water.
You are very nimble and swift while swimming.
You are very stealthy in the water. (Stealth+)
You are frail. (-10% HP)
Your muscles are strong. (Str +2)


Message History

You hit Grinder.
Grinder is moderately wounded.
Grinder hits you.
You closely miss Grinder.
Grinder is moderately wounded.
Grinder hits you.
You hit Grinder.
Grinder is moderately wounded.
Grinder closely misses you.
You barely miss Grinder.
Grinder is moderately wounded.
You hit Grinder.
Grinder is heavily wounded.
Grinder hits you but does no damage.
You hit Grinder but do no damage.
Grinder is heavily wounded.
Grinder hits you!
You hit Grinder.
Grinder is heavily wounded.
Grinder gestures at you.
You barely resist. You hit Grinder.
Grinder is heavily wounded.
You hit Grinder.
Grinder is severely wounded.
Grinder hits you but does no damage.
You hit Grinder.
Grinder is severely wounded.
Grinder hits you!
* * * LOW HITPOINT WARNING * * *
It was a potion of ambrosia.
You are confused.
You feel invigorated. Grinder hits you.
* * * LOW HITPOINT WARNING * * *
You writhe in agony.
* * * LOW HITPOINT WARNING * * *
It was a potion of mutation.
You feel extremely strange.
You feel frail.
You feel stronger. Grinder hits you!
You die...

.. .... ... #.## #.(#
#..## #
..##.########...### #.#
#.....5@.)........#...##
##..[########..........#
## ####<.......
##....... .......
..o...# #.....# ......
..<...


You could see Grinder.

Vanquished Creatures
  4 adders (D:2)
  A worm (D:2)
  2 dart slugs
  4 orcs (D:3)
  8 bats
  A giant cockroach (D:1)
  3 goblins (D:1)
  2 hobgoblins (D:1)
  2 kobolds
  2 quokkas (D:2)
  4 frilled lizards
  2 rats (D:2)
35 creatures vanquished.

Vanquished Creatures (others)
  2 starspawn tentacles (Abyss:2)
2 creatures vanquished.

Grand Total: 37 creatures vanquished

Notes
Turn   | Place    | Note
-------+----------+-------------------------------------------
     0 | Abyss:1  | glosham the Merfolk Abyssal Knight began the quest for the
                  | Orb.
     0 | Abyss:1  | Reached XP level 1. HP: 18/18 MP: 2/2
    74 | Abyss:2  | Noticed a quasit
    91 | Abyss:2  | Noticed a tentacled starspawn
    91 | Abyss:2  | Noticed an ancient zyme
    92 | Abyss:2  | Noticed a deep elf sorcerer
   100 | Abyss:2  | Noticed an orange demon
   101 | D:1      | Escaped the Abyss
   229 | D:1      | Reached skill level 4 in Polearms
   229 | D:1      | Reached XP level 2. HP: 24/24 MP: 3/3
   367 | D:1      | Reached * piety under Lugonu
   605 | D:2      | Reached skill level 5 in Polearms
   605 | D:2      | Reached XP level 3. HP: 25/29 MP: 4/4
   836 | D:2      | Reached skill level 6 in Polearms
   836 | D:2      | Reached XP level 4. HP: 32/35 MP: 5/5
  1113 | D:3      | Noticed Grinder
  1130 | D:3      | Reached ** piety under Lugonu
  1166 | D:3      | HP: 2/35 [Grinder (2)]
  1167 | D:3      | Gained mutation: You are frail. (-10% HP) [potion of
                  | mutation]
  1167 | D:3      | Gained mutation: Your muscles are strong. (Str +2) [potion
                  | of mutation]
  1167 | D:3      | Slain by Grinder

Levels and vault maps discovered:
D:1:      eino_arrival_cavern_d, layout_basic
D:2:      layout_rooms
D:3:      layout_rooms, first_ration, uniq_jessica, uniq_grinder, uniq_terence

Skill      XL: |  1  2  3 |
---------------+----------+-----
Polearms       | 4 5 6 |  6.6
Fighting       | |  3.2
Armour         | |  0.6
Dodging        | |  2.6
Invocations    | |  2.0

Action                   |  1- 3 |  4- 6 || total
-------------------------+-------+-------++-------
Melee: Spear             |    85 |    66 ||   151
Throw: Dart              |     8 |       ||     8
Invok: Depart the Abyss  |     1 |       ||     1
  Use: Scroll            |     8 |       ||     8
       Potion            |     1 |     3 ||     4
  Eat: Chunk             |       |     1 ||     1
Armor: Leather armour    |     1 |       ||     1
       Ring mail         |    22 |     7 ||    29
       Scale mail        |       |     8 ||     8
Dodge: Dodged            |    26 |    15 ||    41

Table legend:
 A = Non-vault XP
 B = Vault XP
 C = Vault XP percentage of total XP
 D = Non-vault monster count
 E = Vault monster count
 F = Vault count percentage of total count
                 A         B        C        D         E       F
            +---------+---------+-------+---------+---------+-------
      Total |     118 |       0 |   0.0 |      35 |       0 |   0.0
            +---------+---------+-------+---------+---------+-------
        D:1 |      30 |       0 |   0.0 |      15 |       0 |   0.0
        D:2 |      76 |       0 |   0.0 |      16 |       0 |   0.0
        D:3 |      12 |       0 |   0.0 |       4 |       0 |   0.0
            +---------+---------+-------+---------+---------+-------

Table legend:
 A = Turns spent in this place as a percentage of turns spent in the entire game.
 B = Non-inter-level travel turns spent in this place as a percentage of non-inter-level travel turns spent in the entire game.
 C = Inter-level travel turns spent in this place as a percentage of turns spent in this place.
 D = Turns resting spent in this place as a percentage of non-inter-level travel turns spent in this place.
 E = Turns spent auto-exploring this place as a percentage of non-inter-level travel turns spent in this place.
 F = Non-inter-level travel turns spent in this place divided by the number of levels of this place that you've seen.
                   A       B       C       D       E      F
               +-------+-------+-------+-------+-------+----------------------
         Total | 100.0 | 100.0 |   6.3 |   0.5 |   0.0 | 218.6
       Dungeon |  91.3 |  90.8 |   6.9 |   0.6 |   0.0 | 330.7
         Abyss |   8.7 |   9.2 |   0.0 |   0.0 |   0.0 |  50.5
               +-------+-------+-------+-------+-------+----------------------

Table legend:
 A = Kills in this place as a percentage of kills in entire the game.
 B = Kills by you in this place as a percentage of kills by you in the entire game.
 C = Kills by friends in this place as a percentage of kills by friends in the entire game.
 D = Other kills in this place as a percentage of other kills in the entire game.
 E = Experience gained in this place as a percentage of experience gained in the entire game.
 F = Experience gained in this place divided by the number of levels of this place that you have seen.
                   A       B       C       D       E      F
               +-------+-------+-------+-------+-------+----------------------
         Total | 100.0 | 100.0 |   N/A |   N/A | 100.0 |  23.6
       Dungeon | 100.0 | 100.0 |   N/A |   N/A | 100.0 |  39.3
               +-------+-------+-------+-------+-------+----------------------

Levels and vault maps discovered:
D:1:      eino_arrival_cavern_d, layout_basic
D:2:      layout_rooms
D:3:      layout_rooms, first_ration, uniq_jessica, uniq_grinder, uniq_terence
